 Dungeon Crawl Stone Soup version 0.22-a0-367-gb72a975 (webtiles) character file.

17923 Amnesiac the Nimble (level 12, -10/102 HPs)
             Began as a Mummy Wizard on Apr 22, 2018.
             Was a High Priest of Kikubaaqudgha.
             Mangled by a sun demon (17 damage)
             ... summoned by a kobold demonologist
             ... on level 11 of the Dungeon.
             The game lasted 00:34:47 (15341 turns).

Amnesiac the Nimble (Mummy Wizard)                 Turns: 15341, Time: 00:34:48

Health: -10/102    AC:  8    Str: 12      XL:     12   Next: 23%
Magic:  21/21      EV: 18    Int: 21      God:    Kikubaaqudgha [*****.]
Gold:   535        SH:  0    Dex:  9 (10) Spells: 4/23 levels left

rFire    . . .     SeeInvis .   a - +7 lajatang of Order {silver, rMut}
rCold    . . .     Gourm    .   (shield currently unavailable)
rNeg     + + +     Faith    +   s - +2 robe {Archmagi}
rPois    ∞         Spirit   .   o - +0 helmet
rElec    .         Reflect  .   j - +0 cloak
rCorr    .         Harm     .   t - +1 pair of gloves
rMut     +                      (no boots)
MR       +....                  w - amulet of faith
Stlth    ++........             C - ring of wizardry
HPRegen  0.27/turn              p - ring of fire
MPRegen  0.17/turn

@: no status effects
A: no food or potions, fire vulnerability, cold resistance 1, negative energy
resistance 3, torment resistance, unbreathing
a: Receive Corpses, Torment, Renounce Religion


You were on level 11 of the Dungeon.
You worshipped Kikubaaqudgha.
Kikubaaqudgha was extremely pleased with you.
You were not hungry.

You visited 4 branches of the dungeon, and saw 14 of its levels.
You also visited: Ossuary.

You collected 612 gold pieces.
You spent 77 gold pieces at shops.

Inventory:

Hand Weapons
 a - the +7 lajatang of Order (weapon) {silver, rMut}
   (You found it on level 7 of the Dungeon)

   It protects you from mutation.
 b - a +1 whip of electrocution
 D - a +0 shortbow of flaming
Missiles
 G - 71 arrows
Armour
 j - a +0 cloak (worn)
 o - a +0 helmet (worn)
 r - a +2 robe of fire resistance
 s - a +2 robe of the Archmagi (worn)
 t - a +1 pair of gloves (worn)
Jewellery
 l - an uncursed ring of see invisible
 p - a ring of fire (right hand)
 w - an amulet of faith (around neck)
 C - a ring of wizardry (left hand)
 F - an uncursed ring of protection from cold
Wands
 g - a wand of enslavement (27)
 A - a wand of random effects (18)
 H - a wand of iceblast (13)
Scrolls
 c - 4 scrolls of fear {!r}
 d - a scroll of noise {!r}
 e - 7 scrolls of identify {!r}
 h - 2 scrolls of magic mapping {!r}
 i - 3 scrolls of enchant armour {!r}
 k - a scroll of blinking {!r}
 m - 7 scrolls of teleportation {!r}
 n - a scroll of torment {!r}
 q - 2 scrolls of immolation {!r}
 u - 5 scrolls of amnesia {!r}
 v - a scroll of remove curse {!r}
 x - 4 scrolls of enchant weapon {!r}
 B - a scroll of vulnerability {!r}
Miscellaneous
 E - a crystal ball of energy


   Skills:
 + Level 11.9 Fighting
 * Level 12.2 Dodging
 - Level 1.5 Stealth
 - Level 6.0 Spellcasting
 - Level 0.7 Conjurations
 - Level 0.7 Summonings
 - Level 6.0 Necromancy
 - Level 0.7 Translocations


You had 4 spell levels left.
You knew the following spells:

 Your Spells              Type           Power        Failure   Level  Hunger
a - Bolt of Draining      Conj/Necr      ####......   26%         5    N/A
b - Call Imp              Summ           ##......     4%          2    N/A
c - Magic Dart            Conj           ##..         3%          1    N/A
d - Vampiric Draining     Necr           #####.....   1%          3    N/A
e - Mephitic Cloud        Conj/Pois/Air  ##......     11%         3    N/A
s - Conjure Flame         Conj/Fire      ###.....     11%         3    N/A
v - Blink                 Tloc           N/A          4%          2    N/A

Dungeon Overview and Level Annotations

Branches:
Dungeon (11/15)            Temple (1/1) D:7            Lair (1/6) D:8
    Orc (1/2) D:9

Altars:
Ashenzari
Cheibriados
Dithmenos
Elyvilon
Fedhas
Gozag
Hepliaklqana
Kikubaaqudgha
Makhleb
Nemelex Xobeh
Okawaru
Qazlal
Ru
Sif Muna
Trog
Uskayaw
Vehumet
Wu Jian
Xom
Yredelemnul
Zin
The Shining One

Shops:
D:4 (   D:6 [[:!*   D:10 [

Annotations:
Orc:1 Erolcha


Innate Abilities, Weirdness & Mutations

You do not eat or drink.
Your flesh is vulnerable to fire.
You are immune to poison.
Your flesh is cold resistant. (rC+)
You are immune to negative energy. (rN+++)
You are immune to unholy pain and torment.
You can survive without breathing.


Message History

The centaur hits you but does no damage.
The orc misses you.
You slash the centaur!
The centaur is heavily wounded.
The centaur closely misses you. x2; The orc closely misses you.
You slice the centaur!!
You kill the centaur!
Kikubaaqudgha accepts your kill. The orc closely misses you.
The kobold demonologist hits you but does no damage.
The orc hits you with a trident.
Items here: ( )) [ a shortbow; 19 arrows; a hand axe; a scale mail You closely miss the kobold demonologist.
The kobold demonologist closely misses you.
The orc misses you.
The kobold demonologist hits you but does no damage.
You slash the kobold demonologist!
The kobold demonologist is moderately wounded.
The orc barely misses you.
The kobold demonologist gestures wildly while chanting.
The orc closely misses you.
The orc wizard casts a spell.
The orc wizard flickers and vanishes!
You hit the kobold demonologist.
The kobold demonologist is moderately wounded.
The kobold demonologist completely misses you.
The quasit closely misses you.
The quasit claws you but does no damage.
The quasit misses you. The orc closely misses you.
The iron imp hits you but does no damage.
You slice the kobold demonologist!!
The kobold demonologist is almost dead.
The quasit barely misses you. The quasit claws you.
You feel clumsy. The quasit barely misses you.
The kobold demonologist mumbles some strange words.
The orc barely misses you. The quasit bites you.
The quasit completely misses you.
The quasit claws you but does no damage.
The kobold demonologist hits you with a dagger.
The iron imp closely misses you.
You hit the kobold demonologist.
The kobold demonologist is almost dead.
The quasit barely misses you. The quasit closely misses you.
The quasit claws you but does no damage.
The orc hits you with a trident.
The kobold demonologist hits you but does no damage.
The sun demon hits you!!
* * * LOW HITPOINT WARNING * * *
You are engulfed in flames!!
* * * LOW HITPOINT WARNING * * *
The quasit misses you. The quasit barely misses you.
The quasit completely misses you. The iron imp misses you.
You barely miss the kobold demonologist.
The kobold demonologist is almost dead.
The sun demon hits you!
* * * LOW HITPOINT WARNING * * *
You are engulfed in flames!
* * * LOW HITPOINT WARNING * * *
The quasit misses you.
The quasit barely misses you. x2; The orc misses you.
The kobold demonologist misses you. The sun demon hits you!
You die...
Kikubaaqudgha rasps: "You have failed me!
Welcome... oblivion!"

###.# #.#.# #...#
#)#.# #######.###
#.#.# .....##.#
#.#.#
#######.#######.#.#
#.........#o#
#..######.#{# #..#
##.#K# #####..#
#.3@o# #......#
#.#55# #.####.#
#....# #.# #.#
#....# #.# #.#
#..### #.# #.# #..#
#.# #.#####..#
#.####((()(÷..#
#....#######.##


You could see a sun demon, a kobold demonologist, an iron imp, a quasit and 2
orcs.

Vanquished Creatures
  A hydra (D:11)
  A queen ant (D:9)
  Urug (D:10)
  3 two-headed ogres
  An unseen horror (D:11)
  The ghost of Sergey the Grappler, a novice TrBe of Trog (D:7)
  Pikel (D:4)
  An ugly thing (D:11)
  Joseph (D:10)
  A centaur skeleton (D:11)
  2 kobold demonologists (D:11)
  A komodo dragon (D:8)
  2 trolls
  A hornet (D:8)
  A merfolk (D:9)
  A hippogriff (D:11)
  A meliai zombie (D:10)
  Eustachio (D:4)
  2 wraiths (D:9)
  14 yaks
  Edmund (D:4)
  4 wargs (D:9)
  17 soldier ants (D:9)
  A water moccasin (D:9)
  Duvessa (D:4)
  An eye of draining (D:11)
  3 orc warriors
  A phantom (D:8)
  A sky beast (D:7)
  2 slaves (D:4)
  2 ice beasts
  3 ogres
  7 centaurs
  2 crocodiles
  A bullfrog (D:9)
  4 big kobolds
  Dowan (D:4)
  3 killer bees (D:8)
  5 scorpions
  5 wights
  2 bullfrog zombies (D:11)
  A centaur zombie (Ossuary)
  2 hounds
  A jelly (D:10)
  10 orc priests
  A gnoll shaman (D:9)
  A bullfrog skeleton (D:9)
  Ijyb (D:4)
  2 iguanas
  11 orc wizards
  19 worker ants
  A killer bee zombie (D:10)
  2 big kobold zombies (Ossuary)
  3 hound zombies
  2 human simulacra (D:10)
  2 mummies (Ossuary)
  A hound skeleton (D:7)
  A worker ant zombie (D:6)
  Robin (D:4)
  11 gnolls
  A howler monkey skeleton (D:6)
  8 adders
  3 river rats (D:4)
  A shadow imp (D:6)
  3 oozes
  3 adder zombies
  An adder skeleton (D:4)
  2 worms
  4 dart slugs
  5 leopard geckos
  42 orcs
  8 giant cockroaches
  16 goblins
  8 hobgoblins
  10 jackals
  4 quokkas
  2 ball pythons (D:1)
  4 bats
  4 frilled lizards
  3 goblin zombies
  13 hobgoblin zombies (Ossuary)
  A jackal zombie (Ossuary)
  9 kobolds
  8 kobold zombies (Ossuary)
  7 orc zombies (Ossuary)
  A quokka skeleton (D:8)
  A quokka zombie (D:6)
  10 rats
  A rat zombie (Ossuary)
  2 plants (D:8)
363 creatures vanquished.

Vanquished Creatures (collateral kills)
  A soldier ant (D:9)
  An ogre (D:6)
  A bullfrog (D:6)
  A killer bee (D:8)
  2 crimson imps (D:5)
  An orc priest (D:9)
  2 worker ants
  3 orcs (D:6)
12 creatures vanquished.

Vanquished Creatures (others)
  A soldier ant (D:9)
  A bullfrog skeleton (D:4)
  A worker ant (D:4)
  2 jackals (D:4)
  A kobold (D:11)
6 creatures vanquished.

Grand Total: 381 creatures vanquished

Notes
Turn   | Place    | Note
-------+----------+-------------------------------------------
     0 | D:1      | Amnesiac the Mummy Wizard began the quest for the Orb.
     0 | D:1      | Reached XP level 1. HP: 13/13 MP: 5/5
   497 | D:2      | Reached skill level 2 in Dodging
   497 | D:2      | Reached XP level 2. HP: 2/20 MP: 0/7
   501 | D:2      | Learned a level 2 spell: Call Imp
   852 | D:4      | Reached skill level 1 in Fighting
   995 | D:4      | Found Cedwaol's Antique Weapon Emporium.
  1001 | D:4      | Noticed Dowan
  1003 | D:4      | Noticed Duvessa
  1003 | D:4      | Noticed a slave
  1027 | D:5      | Entered Level 5 of the Dungeon
  1085 | D:6      | Found a sand-covered staircase.
  1153 | D:6      | Found a hide-covered altar of Uskayaw.
  1243 | Ossuary  | Entered an ossuary
  1502 | Ossuary  | Reached XP level 3. HP: 18/26 MP: 8/8
  1507 | Ossuary  | Learned a level 3 spell: Conjure Flame
  1511 | Ossuary  | Learned a level 3 spell: Mephitic Cloud
  1780 | Ossuary  | Reached skill level 3 in Dodging
  1780 | Ossuary  | Reached XP level 4. HP: 33/33 MP: 10/10
  1948 | Ossuary  | Reached XP level 5. HP: 31/39 MP: 0/11
  2070 | D:4      | Killed a slave
  2170 | D:4      | Killed Duvessa
  2170 | D:4      | Reached skill level 4 in Dodging
  2194 | D:4      | Killed Dowan
  2194 | D:4      | Reached XP level 6. HP: 33/47 MP: 2/12
  2299 | D:4      | Noticed Edmund
  2310 | D:4      | Killed Edmund
  2310 | D:4      | Reached skill level 5 in Dodging
  2538 | D:4      | Noticed Pikel
  2547 | D:4      | Noticed a slave
  2575 | D:4      | Killed a slave
  2586 | D:4      | Killed Pikel
  2586 | D:4      | Reached skill level 6 in Dodging
  2586 | D:4      | Reached XP level 7. HP: 18/55 MP: 3/13
  2678 | D:4      | Noticed Ijyb
  2678 | D:4      | Killed Ijyb
  2792 | D:4      | Reached skill level 5 in Fighting
  2956 | D:4      | Noticed Robin
  3228 | D:4      | Noticed Eustachio
  3255 | D:4      | Killed Robin
  3482 | D:4      | Killed Eustachio
  3482 | D:4      | Reached XP level 8. HP: 59/62 MP: 7/14
  4159 | D:5      | Reached skill level 7 in Dodging
  4194 | D:5      | Found a stormy altar of Qazlal.
  4542 | D:6      | Found Kusch's General Store.
  4727 | D:6      | Found Elisouju's Distillery.
  4803 | D:6      | Found Rayvaosa's Book Boutique.
  4842 | D:6      | Found an ornate altar of the Wu Jian Council.
  4940 | D:6      | Found Watageoh's Antique Armour Boutique.
  4943 | D:6      | Bought a glowing robe for 77 gold pieces
  4985 | D:6      | Found a shattered altar of Ashenzari.
  5098 | D:6      | Found a shadowy altar of Dithmenos.
  5767 | D:6      | Found Tosoul's Antique Armour Shop.
  5884 | D:7      | Found a staircase to the Ecumenical Temple.
  5902 | Temple   | Entered the Ecumenical Temple
  5906 | Temple   | Learned a level 2 spell: Blink
  5941 | Temple   | Became a worshipper of Kikubaaqudgha
  5969 | D:6      | Reached skill level 8 in Dodging
  6768 | D:2      | Found a faded altar of an unknown god.
  6884 | D:2      | Reached skill level 1 in Necromancy
  6974 | D:2      | Reached * piety under Kikubaaqudgha
  6974 | D:2      | Identified Kikubaaqudgha's Reference Book on Evil Arts (Kikubaaqudgha gifted it to you on level 2 of the Dungeon)
  6974 | D:2      | Received a gift from Kikubaaqudgha
  7177 | D:3      | Found a white marble altar of Elyvilon.
  7299 | D:3      | Found a sacrificial altar of Ru.
  7873 | D:6      | Learned a level 3 spell: Vampiric Draining
  7927 | D:7      | Found the +7 lajatang of Order {silver, rMut}
  8065 | D:7      | Reached XP level 9. HP: 61/71 MP: 12/15
  8132 | D:7      | Noticed Sergey's ghost (novice TrBe)
  8226 | D:7      | Killed Sergey's ghost
  8253 | D:7      | Reached skill level 5 in Necromancy
  8511 | D:7      | Found a hazy altar of Hepliaklqana.
  8694 | D:7      | Reached ** piety under Kikubaaqudgha
  9189 | D:8      | Found a staircase to the Lair.
  9190 | D:8      | Noticed a komodo dragon
  9200 | D:8      | Killed a komodo dragon
  9200 | D:8      | Reached skill level 5 in Spellcasting
  9314 | D:8      | Found a basalt altar of Yredelemnul.
  9368 | D:8      | Reached XP level 10. HP: 54/79 MP: 12/18
  9387 | D:8      | Reached skill level 9 in Dodging
  9755 | D:9      | Reached *** piety under Kikubaaqudgha
  9755 | D:9      | Identified Kikubaaqudgha's Guide on Darkness (Kikubaaqudgha gifted it to you on level 9 of the Dungeon)
  9755 | D:9      | Received a gift from Kikubaaqudgha
  9763 | D:9      | Learned a level 5 spell: Bolt of Draining
 10045 | Lair:1   | Entered Level 1 of the Lair of Beasts
 10181 | D:9      | Noticed a two-headed ogre
 10197 | D:9      | Killed a two-headed ogre
 10475 | D:9      | Reached skill level 10 in Dodging
 10849 | D:9      | Found a staircase to the Orcish Mines.
 10895 | D:9      | Reached **** piety under Kikubaaqudgha
 10906 | D:9      | Reached skill level 10 in Fighting
 11099 | D:9      | Reached XP level 11. HP: 80/90 MP: 20/20
 11464 | D:9      | Noticed a queen ant
 11505 | D:9      | Killed a queen ant
 12291 | Orc:1    | Entered Level 1 of the Orcish Mines
 12858 | Orc:1    | Noticed Erolcha
 12917 | D:10     | Entered Level 10 of the Dungeon
 13101 | D:10     | Reached ***** piety under Kikubaaqudgha
 13137 | D:10     | Reached skill level 11 in Dodging
 13190 | D:10     | Noticed Joseph
 13235 | D:10     | Killed Joseph
 13478 | D:10     | Found Imiacubb's Antique Armour Boutique.
 13519 | D:10     | Noticed Urug
 13547 | D:10     | Killed Urug
 13742 | D:11     | Noticed a two-headed ogre
 13775 | D:11     | Killed a two-headed ogre
 13830 | D:11     | Noticed a purple ugly thing
 13987 | D:11     | Killed a purple ugly thing
 14002 | D:11     | Noticed a four-headed hydra
 14006 | D:11     | Noticed a two-headed ogre
 14042 | D:11     | Killed a four-headed hydra
 14042 | D:11     | Reached XP level 12. HP: 34/100 MP: 4/21
 14581 | D:11     | Reached skill level 12 in Dodging
 14974 | D:11     | Killed a two-headed ogre
 15341 | D:11     | Mangled by a sun demon

Vault maps used:
D:1:      dpeg_arrival_circle_labyrinth_c, kennysheep_decorative_pillar,
          wad_floor_pattern_2
D:2:      chequers_ecumenical_altar_simple
D:3:      nicolae_ru_great_annihilating_truth, overflow_temple_1_default,
          first_ration
D:4:      serial_shops, kennysheep_mini_moat, portal_sewer_entry_a,
          minmay_stone_trees_small, uniq_eustachio, uniq_edmund, uniq_duvessa,
          uniq_ijyb, uniq_pikel, uniq_robin
D:5:      nicolae_qazlal_eye_of_the_storm
D:6:      marbit_many_paths, nicolae_overflow_crystal_walls, kennysheep_mini,
          eat_drink_and_be_merry_uskayaw, enter_ossuary_4, serial_glass,
          glass_columns_a, glass_columns_a, feat_on_display,
          due_unseen_surprise, serial_shops, nicolae_shop_crystal, shop, shop,
          nicolae_shop_stone, kennysheep_little_box, serial_bayou_pond_e
D:7:      lemuel_doored_altar, minmay_temple_entry_overgrown, minivault_22
D:8:      yredelemnul_altar_generic, david_lair_shrubbed
D:9:      minmay_orc_entry_guard_dogs, hangedman_fish_farm, minivault_29
D:10:     serial_shops, nicolae_shop_window_shopping, bh_circular_ruins,
          uniq_joseph, uniq_urug
D:11:     special_room, minmay_misc_feat_encased, grunt_dithmenos_shadows
Temple:   cyrus_circular_temple
Orc:1:    uniq_josephine, uniq_erolcha
Ossuary:  ossuary_tomb_1

Skill      XL: |  1  2  3  4  5  6  7  8  9 10 11 12 |
---------------+-------------------------------------+-----
Dodging        | 2 3 4 6 8 10 11 12 | 12.2
Fighting       | 1 2 3 4 5 6 7 10 11 | 11.9
Necromancy     | 2 5 6 |  6.0
Spellcasting   | 5 6 |  6.0
Stealth        | |  1.5
Conjurations   | |  0.7
Summonings     | |  0.7
Translocations | |  0.7

Action                   |  1- 3 |  4- 6 |  7- 9 | 10-12 || total
-------------------------+-------+-------+-------+-------++-------
Melee: Unarmed           |    11 |       |       |       ||    11
       Halberd           |    74 |    61 |    38 |       ||   173
       Club              |       |       |   215 |       ||   215
       Dagger            |       |       |    95 |       ||    95
       Lajatang          |       |       |   139 |   513 ||   652
 Cast: Magic Dart        |    36 |       |    10 |       ||    46
       Call Imp          |     5 |     1 |    22 |     5 ||    33
       Conjure Flame     |     1 |     6 |     6 |    40 ||    53
       Mephitic Cloud    |       |    11 |    41 |    38 ||    90
       Blink             |       |       |     2 |    13 ||    15
       Vampiric Draining |       |       |       |     9 ||     9
       Bolt of Draining  |       |       |       |    10 ||    10
Evoke: Wand              |       |       |     6 |    13 ||    19
  Use: Scroll            |       |     3 |     5 |     7 ||    15
 Stab: Confused          |       |       |    15 |    16 ||    31
       Sleeping          |       |       |     1 |     4 ||     5
Armor: Robe              |    13 |    11 |   171 |   138 ||   333
Dodge: Dodged            |    53 |    48 |   525 |   531 ||  1157

Table legend:
 A = Spawn XP
 B = Non-spawn XP
 C = Spawn XP percentage of total XP
 D = Spawn monster count
 E = Non-spawn monster count
 F = Spawn count percentage of total count
 G = Total turns spent on level
                    A         B        C        D         E        F      G
               +---------+---------+-------+---------+---------+-------+---------
         Total |       0 |   25605 |   0.0 |       0 |     372 |   0.0 | 15341
               +---------+---------+-------+---------+---------+-------+---------
           D:1 |       0 |      38 |   0.0 |       0 |      20 |   0.0 |   988
           D:2 |       0 |      43 |   0.0 |       0 |      17 |   0.0 |   754
           D:3 |       0 |      80 |   0.0 |       0 |      16 |   0.0 |   930
           D:4 |       0 |    1397 |   0.0 |       0 |      39 |   0.0 |  1789
           D:5 |       0 |     302 |   0.0 |       0 |      25 |   0.0 |   951
           D:6 |       0 |     779 |   0.0 |       0 |      27 |   0.0 |  1878
           D:7 |       0 |    1735 |   0.0 |       0 |      26 |   0.0 |  1067
           D:8 |       0 |    1609 |   0.0 |       0 |      31 |   0.0 |   806
           D:9 |       0 |    8934 |   0.0 |       0 |      81 |   0.0 |  2844
          D:10 |       0 |    3604 |   0.0 |       0 |      20 |   0.0 |  1011
          D:11 |       0 |    6749 |   0.0 |       0 |      26 |   0.0 |  1413
        Lair:1 |       0 |     107 |   0.0 |       0 |       1 |   0.0 |    20
         Orc:1 |       0 |      49 |   0.0 |       0 |       4 |   0.0 |    58
       Ossuary |       0 |     179 |   0.0 |       0 |      39 |   0.0 |   785
               +---------+---------+-------+---------+---------+-------+---------
